 Dungeon Crawl Stone Soup version 0.21.1-1-g345015f (webtiles) character file.

5516 teukkam the Cleaver (level 10, -5/95 HPs)
             Began as a Minotaur Berserker on Feb 19, 2018.
             Was a High Priest of Trog.
             Splashed by a jelly's acid (7 damage)
             ... on level 9 of the Dungeon.
             The game lasted 00:23:30 (7187 turns).

teukkam the Cleaver (Minotaur Berserker)            Turns: 7187, Time: 00:23:31

Health: -5/95      AC:  2    Str: 28    XL:     10   Next: 43%
Magic:  18/18      EV: 12    Int:  9    God:    Trog [*****.]
Gold:   171        SH:  0    Dex:  9    Spells: 9/9 levels left

rFire    . . .     SeeInvis .   b - +3 quarterstaff (chaos)
rCold    . . .     Gourm    .   (shield currently unavailable)
rNeg     . . .     Faith    .   w - +1 leather armour of the Iron City of Dis {MR+ Str+2} (curse)
rPois    .         Spirit   .   (helmet restricted)
rElec    .         Reflect  .   o - +0 cloak {MR+}
rCorr    .         Harm     .   (no gloves)
MR       ++...                  v - +0 pair of boots
Stlth    +.........             (no amulet)
HPRegen  0.25/turn              f - ring of flight
MPRegen  0.16/turn              I - ring of magical power

@: brilliant, corroded, berserk cooldown, flying, slowed, very slow
A: retaliatory headbutt, horns 2
a: Berserk, Trog's Hand, Brothers in Arms, Burn Spellbooks, Renounce Religion


You were on level 9 of the Dungeon.
You worshipped Trog.
Trog was extremely pleased with you.
You were not hungry.

You visited 1 branch of the dungeon, and saw 9 of its levels.

You collected 360 gold pieces.
You spent 189 gold pieces at shops.

Inventory:

Hand Weapons
 a - a +0 war axe
 b - a +3 quarterstaff of chaos (weapon)
 s - a +3 dire flail of freezing
 x - a cursed +3 falchion
 H - a +2 dagger of chaos
Missiles
 d - 4 tomahawks (quivered)
 D - 7 poisoned tomahawks
Armour
 o - a +0 cloak of magic resistance (worn)
 v - a +0 pair of boots (worn)
 w - the cursed +1 leather armour of the Iron City of Dis (worn) {MR+ Str+2}
   (You bought it in a shop on level 6 of the Dungeon)

   It affects your strength (+2).
   It affects your resistance to hostile enchantments.
   It has a curse placed upon it.
Magical Staves
 l - an uncursed staff of death
Jewellery
 f - a ring of flight (left hand)
 I - a ring of magical power (right hand)
Wands
 F - a wand of digging (24)
Scrolls
 h - 3 scrolls of amnesia {unknown}
 i - 3 scrolls of fear {unknown}
 j - 6 scrolls of identify {unknown}
 n - 3 scrolls of magic mapping {unknown}
 p - 2 scrolls of blinking {unknown}
 y - a scroll of remove curse
 A - a scroll of vulnerability {unknown}
 C - a scroll of random uselessness {unknown}
 J - a scroll of fog {unknown}
Potions
 e - a potion of brilliance
 g - a potion of lignification {unknown}
 k - a potion of flight
 m - a potion of haste {unknown}
 q - 2 potions of agility {unknown}
 r - 2 potions of invisibility {unknown}
 u - 4 potions of curing {unknown}
 z - a potion of might
 G - 2 potions of cancellation {unknown}
Books
 t - a book of Air

   Spells                             Type                      Level
   a - Shock                          Conjuration/Air              1
   b - Swiftness                      Charms/Air                   2
   c - Static Discharge               Conjuration/Air              3
   d - Airstrike                      Air                          4
   e - Lightning Bolt                 Conjuration/Air              5
   Trog disapproves of the use of such an item.
 B - a book of Conjurations

   Spells                             Type                      Level
   a - Magic Dart                     Conjuration                  1
   b - Searing Ray                    Conjuration                  2
   c - Dazzling Spray                 Conjuration/Hexes            3
   d - Fulminant Prism                Conjuration/Hexes            4
   e - Force Lance                    Conjuration/Translocation    4
   f - Iskenderun's Mystic Blast      Conjuration                  4
   Trog disapproves of the use of such an item.
 E - a book of Changes

   Spells                             Type                      Level
   a - Beastly Appendage              Transmutation                1
   b - Sticks to Snakes               Transmutation                2
   c - Spider Form                    Transmutation/Poison         3
   d - Ice Form                       Ice/Transmutation            4
   e - Blade Hands                    Transmutation                5
   Trog disapproves of the use of such an item.
 K - a book of Clouds

   Spells                             Type                      Level
   a - Poisonous Vapours              Poison/Air                   2
   b - Mephitic Cloud                 Conjuration/Poison/Air       3
   c - Conjure Flame                  Conjuration/Fire             3
   d - Freezing Cloud                 Conjuration/Ice/Air          6
   e - Ring of Flames                 Charms/Fire                  7
   Trog disapproves of the use of such an item.
Comestibles
 c - 14 rations


   Skills:
 + Level 11.1 Fighting
 + Level 11.5 Axes
 + Level 9.8 Staves
 - Level 0.3 Throwing
 - Level 2.5 Armour
 - Level 3.4 Dodging
 - Level 0.9 Stealth


You had 9 spell levels left.
You didn't know any spells.

Dungeon Overview and Level Annotations

Branches:
Dungeon (9/15)             Temple (0/1) D:4
   Lair: D:8-11         Orc: D:9-12

Altars:
Ashenzari
Gozag
Nemelex Xobeh
Ru
The Shining One

Shops:
D:6 *   D:7 [   D:8 ?[

Annotations:
D:3 Purgy; SaintRoka's ghost, weakling OgGl


Innate Abilities, Weirdness & Mutations

You reflexively headbutt those who attack you in melee.
You have a pair of horns on your head.


Message History

You throw a tomahawk. The tomahawk barely misses the jelly.
The jelly quivers.
Throwing (i - inventory. (,) - cycle):
d - 5 tomahawks (quivered)
Press: ? - help, Shift-Dir - straight line, f/p - jelly
Aim: a jelly You throw a tomahawk.
The tomahawk hits the jelly.
The jelly is moderately wounded.
You hit the jelly.
Your hands burn!
* * * LOW HITPOINT WARNING * * *
The jelly is heavily wounded.
The jelly hits you.
* * * LOW HITPOINT WARNING * * *
You are splashed with acid!
The acid burns!
* * * LOW HITPOINT WARNING * * *
It was a potion of flight.
You feel very buoyant.
You fly up into the air.
The jelly hits you.
* * * LOW HITPOINT WARNING * * *
The acid corrodes you!
You are splashed with acid!
The acid burns!
You die...

............#.#.#
.##.(#...#..#.#. ..
.....#.....§§.. ...
.....#.#..§...#####.#.#
.#...#.#<.§§.≈≈......(!
.....#.#.§≈#'#§.###(...
###..#.##..'_'.....#
#..#....≈#+#≈..J.+
#.......≈≈§§≈#@..##.#
#.........§§##......#
#.........####....#.#
....#..####.# #....# #
#.###..# #.# #....# ..
....# .# ####.# #
###.## .# .# #.# .. #.#
#.


You could see a jelly.

Vanquished Creatures
  2 two-headed ogres
  The ghost of Goblin1989 the Cutter, a novice DsCK of Xom (D:7)
  Joseph (D:7)
  Psyche (D:8)
  3 orc warriors
  2 ice beasts
  2 phantoms (D:4)
  A necrophage (D:6)
  5 ogres
  3 bullfrogs
  A water moccasin skeleton (D:8)
  3 scorpions
  4 killer bees (D:9)
  8 wights (D:6)
  4 crimson imps
  A bullfrog zombie (D:5)
  4 jellies
  Crazy Yiuf (D:3)
  A bullfrog skeleton (D:5)
  A centaur skeleton (D:4)
  3 hounds
  3 orc priests
  Jessica (D:2)
  4 orc wizards
  7 worker ants
  A hound skeleton (D:8)
  A worker ant zombie (D:7)
  4 gnolls (D:2)
  15 adders
  3 adder skeletons
  2 adder zombies
  3 worms
  7 leopard geckos
  29 orcs
  3 ball pythons
  9 bats
  2 giant cockroaches
  6 goblins
  8 hobgoblins
  13 kobolds
  5 quokkas
  3 frilled lizards
  2 leopard gecko skeletons
  A quokka skeleton (D:7)
  6 rats
190 creatures vanquished.

Notes
Turn   | Place    | Note
-------+----------+-------------------------------------------
     0 | D:1      | teukkam the Minotaur Berserker began the quest for the Orb.
     0 | D:1      | Reached XP level 1. HP: 19/19 MP: 0/0
    53 | D:1      | Reached XP level 2. HP: 27/27 MP: 1/1
   382 | D:1      | Reached ** piety under Trog
   811 | D:2      | Reached XP level 3. HP: 29/34 MP: 2/2
   873 | D:2      | Found a faded altar of an unknown god.
   915 | D:2      | HP: 2/51 [gnoll/whip (3)]
   917 | D:2      | Reached XP level 4. HP: 3/41 MP: 3/3
   917 | D:2      | Reached skill level 5 in Axes
  1380 | D:2      | Noticed Jessica
  1384 | D:2      | Killed Jessica
  1384 | D:2      | Reached skill level 5 in Fighting
  1506 | D:2      | Reached XP level 5. HP: 37/48 MP: 4/4
  1838 | D:3      | Found a sacrificial altar of Ru.
  1936 | D:3      | Reached *** piety under Trog
  2075 | D:3      | Found a runed door.
  2113 | D:3      | Noticed Crazy Yiuf
  2118 | D:3      | Paralysed by Crazy Yiuf for 4 turns
  2122 | D:3      | Killed Crazy Yiuf
  2122 | D:3      | Reached XP level 6. HP: 30/56 MP: 5/5
  2159 | D:3      | Noticed Purgy
  2160 | D:3      | Noticed SaintRoka's ghost (weakling OgGl)
  2370 | D:4      | Reached skill level 1 in Staves
  2450 | D:4      | Found a staircase to the Ecumenical Temple.
  2612 | D:4      | Reached XP level 7. HP: 49/63 MP: 6/6
  3595 | D:5      | Entered Level 5 of the Dungeon
  3682 | D:5      | Found a sparkling altar of Nemelex Xobeh.
  3682 | D:5      | Found an opulent altar of Gozag.
  3706 | D:5      | Reached XP level 8. HP: 66/73 MP: 7/7
  4042 | D:5      | Reached **** piety under Trog
  4042 | D:5      | Reached skill level 5 in Staves
  4906 | D:6      | Found Eminies's Assorted Antiques.
  4911 | D:6      | Bought a topaz-encrusted leather armour for 189 gold pieces
  4923 | D:6      | Identified the cursed +1 leather armour of the Iron City of Dis {MR+ Str+2} (You bought it in a shop on level 6 of the Dungeon)
  5307 | D:6      | Reached XP level 9. HP: 82/82 MP: 8/8
  5503 | D:6      | Found a shattered altar of Ashenzari.
  5846 | D:7      | Found Meitho's Antique Armour Emporium.
  5999 | D:7      | Noticed Joseph
  6001 | D:7      | Noticed Goblin1989's ghost (novice DsCK)
  6016 | D:7      | Killed Joseph
  6025 | D:7      | Killed Goblin1989's ghost
  6025 | D:7      | Reached skill level 10 in Axes
  6470 | D:8      | Reached skill level 10 in Fighting
  6537 | D:8      | Noticed a two-headed ogre
  6541 | D:8      | Killed a two-headed ogre
  6541 | D:8      | Reached XP level 10. HP: 70/94 MP: 9/9
  6547 | D:8      | Noticed Psyche
  6615 | D:8      | Killed Psyche
  6817 | D:8      | Found Touhy's Magic Scroll Emporium.
  6832 | D:8      | Reached ***** piety under Trog
  6885 | D:8      | Found Xuits's Antique Armour Shoppe.
  7154 | D:9      | Found a glowing golden altar of the Shining One.
  7160 | D:9      | Noticed a two-headed ogre
  7168 | D:9      | Killed a two-headed ogre
  7186 | D:9      | HP: 4/95 [acid (10)]
  7187 | D:9      | Splashed by a jelly's acid

Skill      XL: |  1  2  3  4  5  6  7  8  9 10 |
---------------+-------------------------------+-----
Fighting       | 4 5 6 7 8 10 11 | 11.1
Axes           | 4 5 6 7 9 10 11 | 11.5
Dodging        | 3 |  3.4
Staves         | 2 4 6 9 |  9.8
Throwing       | |  0.3
Armour         | |  2.5
Stealth        | |  0.9

Action                   |  1- 3 |  4- 6 |  7- 9 | 10-12 || total
-------------------------+-------+-------+-------+-------++-------
Melee: Hand axe          |    66 |    47 |       |       ||   113
       Headbutt          |    11 |    17 |    43 |     3 ||    74
       War axe           |       |    34 |   134 |    42 ||   210
       Quarterstaff      |       |    26 |    77 |     5 ||   108
Throw: Tomahawk          |       |    12 |    27 |     3 ||    42
Invok: Berserk           |     1 |     1 |     6 |     2 ||    10
  Use: Scroll            |     2 |       |     1 |       ||     3
       Potion            |       |       |       |     2 ||     2
 Stab: Sleeping          |       |     3 |       |       ||     3
  Eat: Chunk             |       |     6 |     6 |     4 ||    16
       Ration            |       |     1 |     3 |       ||     4
Armor: Animal skin       |     9 |     9 |       |       ||    18
       Chain mail        |       |    15 |    63 |       ||    78
       Leather armour    |       |       |    12 |     7 ||    19
Dodge: Dodged            |    42 |    55 |    84 |    34 ||   215
